 Dungeon Crawl Stone Soup version 0.18-a0-1354-gbc5753f (webtiles) character file.

93 gorblad the Ducker (level 4, -7/37 HPs)
             Began as a Draconian Gladiator on Feb 20, 2016.
             Mangled by a gnoll
             ... wielding a +0 flail
              (11 damage)
             ... on level 3 of the Dungeon.
             The game lasted 00:03:58 (2049 turns).

gorblad the Ducker (Draconian Gladiator)            Turns: 2049, Time: 00:03:58

Health: -7/37      AC:  6    Str: 17 (18) XL:     4   Next: 36%
Magic:  4/4        EV: 13    Int:  5 (8)  God:
Gold:   84         SH:  5    Dex: 10 (12) Spells: 0 memorised, 3 levels left

rFire  . . .     SeeInvis .     a - +0 long sword
rCold  . . .     Gourm    .     (armour unavailable)
rNeg   . . .     Faith    .     (no shield)
rPois  .         Spirit   .     b - +0 hat
rElec  .         Dismiss  .     f - +0 cloak
rCorr  .         Reflect  +     (no gloves)
SustAt .         Harm     .     (no boots)
MR     .....                    g - +5 amulet of reflection
Stlth  +.........               (no ring)
                                (no ring)

@: not resistant to hostile enchantments, very unstealthy
A: unfitting armour, cold-blooded, AC +5
a: no special abilities


You were on level 3 of the Dungeon.
You were not hungry.

You visited 1 branch of the dungeon, and saw 3 of its levels.

You collected 84 gold pieces.

Inventory:

Hand Weapons
 a - a +0 long sword (weapon)
Missiles
 c - 3 throwing nets (quivered)
Armour
 b - a +0 hat (worn)
 f - a +0 cloak (worn)
Jewellery
 e - a cursed amulet of inaccuracy
 g - a +5 amulet of reflection (around neck)
 k - an uncursed ring of magical power
Comestibles
 d - 3 bread rations
 h - a slice of pizza
 i - 3 fruits


   Skills:
 + Level 2.8 Fighting
 + Level 3.6 Long Blades
 - Level 1.7 Throwing
 + Level 3.7 Dodging
 + Level 1.4 Stealth


You had 3 spell levels left.
You didn't know any spells.

Dungeon Overview and Level Annotations

Branches:
Dungeon (3/15)

Altars:
Xom
Zin


Innate Abilities, Weirdness & Mutations

Your plain brown scales are hard (AC +5).
Your body does not fit into most forms of armour.
You are cold-blooded and may be slowed by cold attacks.


Message History

You hit the gnoll.
The gnoll is moderately wounded.
The gnoll misses you.
You slash the gnoll!
The gnoll is almost dead.
You block the gnoll's attack. x2
You slash the gnoll!
You kill the gnoll!
You feel your dexterity returning.
The gnoll throws a throwing net.
You reflect the throwing net off an invisible shield around you!
The throwing net barely misses the gnoll.
The throwing net hits the gnoll.
The gnoll is caught in the net!
The gnoll struggles against the net.
You completely miss the gnoll.
The gnoll struggles against the net.
The gnoll hits you with a flail.
* * * LOW HITPOINT WARNING * * *
You hit the gnoll but do no damage.
The gnoll struggles against the net.
The gnoll struggles to escape the net.
The gnoll hits you with a flail!
You die...

#.#######.÷............#####.
#....####.........##.
#..#...............#.
##...####)........... ##.##
####.[...#.##
#.#####.########...>.#.#
#............÷.........#
########.##########.#..# #@#
#....# #g# #.#.## #.# #.#.# #
#g# #.#.### #.# #...##. #.#
#.<.... #.# #..#.#. #.#
#..#.## #..#.##


You could see 2 gnolls.

Vanquished Creatures
  2 gnolls (D:3)
  3 adders
  An ooze (D:2)
  A worm (D:2)
  4 bats
  5 giant cockroaches
  5 goblins
  5 hobgoblins
  A quokka (D:3)
  A ball python (D:3)
  3 giant newts
  4 kobolds
  5 rats
40 creatures vanquished.

Notes
Turn   | Place    | Note
--------------------------------------------------------------
     0 | D:1      | gorblad the Draconian Gladiator began the quest for the Orb.
     0 | D:1      | Reached XP level 1. HP: 17/17 MP: 1/1
   343 | D:1      | Reached XP level 2. HP: 23/25 MP: 2/2
   777 | D:2      | Reached skill level 1 in Stealth
   985 | D:2      | Reached XP level 3. HP: 27/30 MP: 3/3
  1806 | D:3      | Found a shimmering altar of Xom.
  1806 | D:3      | Noticed an angel
  1818 | D:3      | Found a glowing silver altar of Zin.
  1851 | D:3      | Reached XP level 4. HP: 18/37 MP: 4/4
  2049 | D:3      | Mangled by a gnoll

Vault maps used:
D:1:      dpeg_arrival_court, lemuel_another_geyser
D:2:      first_bread, hangedman_abyss_or_decor_stabs
D:3:      grunt_temple_overflow_order_and_chaos_1, lemuel_round_altar,
          minivault_4

Action                   |  1- 3 |  4- 6 || total
-------------------------+-------+-------++-------
Melee: Long sword        |   115 |    15 ||   130
  Use: Scroll            |     4 |       ||     4
       Potion            |       |     1 ||     1
 Stab: Sleeping          |     2 |       ||     2
  Eat: Chunk             |     3 |     1 ||     4
